woodfighter, neutral female human Healer `################ # ###-------- ############# #-..<...| # |.......# # |......|# # @a......|# # #G#--------# # # # ############ # # # # # ######################`####`## # -----.-- ##-.^.[.[| |......| |......| -------- woodfighter the Empiric Experience level: 4 Strength: 11 Dexterity: 7 Constitution: 15 Intelligence: 9 Wisdom: 17 Charisma: 17 Health: 0(35) Energy: 12(32) Def: 2 Gold: 2278 Moves: 2111 Dungeon seed: 3kBuFw1Rq9x6wfeL Game ID: woodfighter_1509658861 Your Inventory: Coins $ - 2278 gold pieces Weapons a - a +0 scalpel (weapon in hand) B - 11 +0 darts N - a +0 spear O - a +0 knife Armor e - an uncursed +1 pair of leather gloves (being worn) Comestibles k - 7 blessed eucalyptus leaves l - 3 blessed sprigs of wolfsbane m - 2 blessed cloves of garlic o - 5 uncursed apples E - an uncursed sprig of wolfsbane S - an uncursed magic bean Scrolls s - a cursed scroll of destroy armor u - an uncursed scroll of scare monster z - a cursed scroll of identify D - an uncursed scroll of destroy armor F - an uncursed scroll of fire H - an uncursed scroll of earth I - an uncursed scroll of light J - an uncursed scroll of scare monster K - an uncursed scroll of teleportation Spellbooks h - a blessed spellbook of healing i - a blessed spellbook of extra healing j - a blessed spellbook of stone to flesh L - an uncursed spellbook of invisibility T - an uncursed spellbook of cure sickness Potions c - 3 uncursed potions of healing d - a blessed potion of healing f - 4 uncursed potions of extra healing G - an uncursed potion of booze M - an uncursed potion of enlightenment Q - a cursed potion of speed R - an uncursed potion of see invisible Rings C - an uncursed ring of cold resistance Wands g - a wand of sleep (0:8) q - a wand of undead turning (0:4) t - a wand of cold (0:6) A - a wand of cancellation (0:5) Tools b - an uncursed stethoscope w - an uncursed magic whistle y - an uncursed lock pick Spells and supernatural/magical abilities: Name Level Category Fail Memory h - healing 1 healing 8% 90% x - extra healing 3 healing 35% 90% S - stone to flesh 3 healing 48% 90% W - pray for help -- divine ? -- Your skills at the end: Miscellaneous Skills wands [Basic] Weapon Skills knife [Basic] Spellcasting Skills healing spells [Basic] Final Attributes: You were devoutly aligned. You were poison resistant. You were somewhat stealthy. You are dead. Vanquished creatures: 2 rock piercers a fog cloud a red naga hatchling an iguana a rabid rat 5 orc zombies 2 dwarf zombies a coyote a large kobold 3 geckos 2 giant rats a red mold a garter snake 2 jackals 6 newts a goblin 3 sewer rats 2 grid bugs 4 lichens 40 creatures vanquished. Voluntary challenges: You did not adorn yourself with jewelry or accessories. You did not cause conflict. You were not invisible. You did not have reflection. You were not displaced. You used a wielded weapon 97 times, starting on turn 113. You did not apply a unicorn horn. You did not use plumbed fixtures. You did not drink any magical draughts. You were illiterate. You never genocided any monsters. You never polymorphed an object. You never changed form. You used no wishes. You never split a pudding. You never wrote Elbereth's name. You never violated your personal moral code. Dungeon overview: The Dungeons of Doom: levels 1 to 6 Level 1 a long staircase Level 2 a fountain Level 3 stairs to The Gnomish Mines Level 4 some fountains Level 5 a weapon shop, a fountain Level 6 <- You were here The Gnomish Mines: Level 4 stairs to The Dungeons of Doom History has recorded: On T:1 you entered the Dungeons of Doom to retrieve the Amulet of Yendor! On T:40 you reached level 2 of The Dungeons of Doom. On T:403 you advanced to experience level 2. On T:491 you reached level 3 of The Dungeons of Doom. On T:745 you reached level 4 of The Dungeons of Doom. On T:964 you reached level 1 of The Gnomish Mines. On T:1108 you advanced to experience level 3. On T:1160 you reached level 5 of The Dungeons of Doom. On T:1327 you prayed to Hermes. On T:1339 you advanced to experience level 4. On T:1526 you reached level 6 of The Dungeons of Doom. On T:2091 you prayed to Hermes. Score breakdown: Gold: 679 ( 67 points) Experience: 4 levels ( 300 points) Exploration: 6 levels ( 150 points) Discoveries: 18 items ( 900 points) Variety of kills: 19 monsters ( 950 points) Major goal: (nothing yet) ( 0 points) Survival: died (score multiplied by 3) Total score: 7101 Latest messages: You feel better. The gnomish wizard points at you, then curses. The gnomish wizard points all around, then curses. You feel better. The gnomish wizard points all around, then curses. The giant beetle bites! You feel better. The gnomish wizard points at you, then curses. You miss the giant beetle. The gnomish wizard points at you, then curses. The giant beetle bites! You miss the giant beetle. The air crackles around the gnomish wizard. You jab the giant beetle. The giant beetle is moderately wounded. The gnomish wizard points all around, then curses. The giant beetle bites! You are now wielding your scalpel. The gnomish wizard points all around, then curses. The gnomish wizard points at you, then curses. You slash the giant beetle. The giant beetle is moderately wounded. The gnomish wizard points at you, then curses. The giant beetle bites! You die... Final status: Goodbye woodfighter the Healer, killed by a giant beetle... You died in The Dungeons of Doom on dungeon level 6 with 7101 points, and 2278 pieces of gold, after 2111 moves. You were level 4 with a maximum of 35 hit points when you died.